 Dungeon Crawl Stone Soup version 0.26.0-10-g1f06aea511 (webtiles) character file.

Game seed: 5687862958481446998

72 Borgoz the Slasher (level 4, -12/37 HPs)
             Began as a Ghoul Gladiator on Jan 18, 2021.
             Mangled by Crazy Yiuf
             ... wielding a +3 quarterstaff of chaos
              (15 damage)
             ... on level 2 of the Dungeon.
             The game lasted 00:01:51 (1882 turns).

Borgoz the Slasher (Ghoul Gladiator)                Turns: 1882, Time: 00:01:52

Health: -12/37     AC:  4    Str: 17    XL:     4   Next: 25%
Magic:  0/3        EV: 11    Int:  3    God:
Gold:   122        SH:  0    Dex: 11    Spells: 3/3 levels left

rFire    . . .     SeeInvis .   a - +0 long sword
rCold    + . .     Faith    .   (no shield)
rNeg     + + +     Spirit   .   j - -2 ring mail (curse)
rPois    ∞         Reflect  .   c - +0 helmet
rElec    .         Harm     .   (no cloak)
rCorr    .         Rampage  .   (no gloves)
Will     .....                  (no boots)
Stlth    +.........             b - amulet of the acrobat
HPRegen  0.00/turn              (no ring)
MPRegen  0.08/turn              (no ring)

@: very slightly contaminated, slowed, invisible, very slow
A: claws 1, cold resistance 1, negative energy resistance 3, inhibited
regeneration, torment resistance, unbreathing
a: no special abilities


You were on level 2 of the Dungeon.
You visited 1 branch of the dungeon, and saw 2 of its levels.

You collected 122 gold pieces.

Inventory:

Hand Weapons
 a - a +0 long sword (weapon)
Missiles
 d - a throwing net (quivered)
Armour
 c - a +0 helmet (worn)
 h - a +0 ring mail
 j - a cursed -2 ring mail (worn)
Jewellery
 b - an amulet of the acrobat (around neck)
Scrolls
 k - a scroll of amnesia {unknown}
 m - 3 scrolls of immolation {unknown}
Potions
 e - a potion of ambrosia {unknown}
 l - a potion of degeneration {unknown}


   Skills:
 + Level 2.7 Fighting
 * Level 3.4 Long Blades
 - Level 1.7 Throwing
 * Level 1.6 Armour
 + Level 3.0 Dodging


You had 3 spell levels left.
You didn't know any spells.
Your spell library was empty.

Dungeon Overview and Level Annotations

Branches:
Dungeon (2/15)

Altars:

Annotations:
D:2 Crazy Yiuf


Innate Abilities, Weirdness & Mutations

You thrive by killing the living.
You are immune to poison.
You have sharp fingernails.
Your flesh is cold resistant. (rC+)
You are immune to negative energy. (rN+++)
You do not regenerate when monsters are visible.
You are immune to unholy pain and torment.
You can survive without breathing.


Message History

You are very lightly contaminated with residual magic.
It was a potion of curing.
You feel better.
Crazy Yiuf whimpers, "Shower toodlewoodle pontify!"
Crazy Yiuf completely misses you.
There is an open translucent door, spattered with blood here.
You hit Crazy Yiuf but do no damage.
Crazy Yiuf is heavily wounded.
Crazy Yiuf barely misses you.
You riposte.
You closely miss Crazy Yiuf.
Crazy Yiuf is heavily wounded.
Crazy Yiuf completely misses you.
You hit Crazy Yiuf but do no damage.
Crazy Yiuf is heavily wounded.
Crazy Yiuf closely misses you.
Crazy Yiuf hits you with a +3 quarterstaff of chaos!
* * * LOW HITPOINT WARNING * * *
You feel your power leaking away.
It was a potion of lignification.
You feel woody for a moment.
Crazy Yiuf screams, "Action!"
Crazy Yiuf hits you with a +3 quarterstaff of chaos!
You die...

#.#.########.#..##
#.#..........##.##
#.#############.##
### #.## #.##
#########.##
########.#....##.##
#g..##..#......#.##
#(@.'.####.......##
#)..### ##......#.
##### ######.#.
###.#. #..... ###
#...#.
#.###############.
#.....<...........
###......########.


You could see Crazy Yiuf.

Vanquished Creatures
  An adder (D:2)
  An ooze (D:1)
  4 dart slugs
  3 leopard geckos
  A ball python (D:1)
  2 giant cockroaches
  3 goblins
  6 hobgoblins
  6 jackals
  2 kobolds
  2 quokkas (D:2)
  3 bats (D:2)
  4 frilled lizards
  5 rats
43 creatures vanquished.

Notes
Turn   | Place    | Note
-------+----------+-------------------------------------------
     0 | D:1      | Borgoz the Ghoul Gladiator began the quest for the Orb.
     0 | D:1      | Reached XP level 1. HP: 17/17 MP: 0/0
   258 | D:1      | Reached XP level 2. HP: 25/25 MP: 1/1
   526 | D:1      | Reached skill level 1 in Armour
   621 | D:1      | Reached XP level 3. HP: 30/30 MP: 2/2
  1075 | D:2      | Found a runed translucent door.
  1076 | D:2      | Noticed Crazy Yiuf
  1313 | D:2      | Reached XP level 4. HP: 26/37 MP: 3/3
  1882 | D:2      | Mangled by Crazy Yiuf

Illustrated notes

Levels and vault maps discovered:
D:1:      evilmike_arrival_fibonacci_small, layout_loops_cross,
          minmay_close_crescents
D:2:      layout_basic, dk_noncrumbling_4, uniq_crazy_yiuf_cottage

Skill      XL: |  1  2  3 |
---------------+----------+-----
Long Blades    | 3 |  3.4
Armour         | 1 |  1.6
Dodging        | 3 |  3.0
Fighting       | |  2.7
Throwing       | |  1.7

Action                   |  1- 3 |  4- 6 || total
-------------------------+-------+-------++-------
Melee: Long sword        |    80 |    19 ||    99
Throw: Throwing net      |       |     2 ||     2
  Use: Scroll            |     2 |       ||     2
       Potion            |       |     3 ||     3
Armor: Leather armour    |     1 |       ||     1
       Ring mail         |     9 |     3 ||    12
Dodge: Dodged            |    73 |    21 ||    94
       Rpst.: Long sword |    27 |     5 ||    32
